Map: [ESL] Site Delta

Players

Oriana

  • Race: Terran Terran
  • Spawn Location: 5:00

GogojOey - Winner!

  • Race: Zerg Zerg
  • Spawn Location: 11:00

Event: ESL SC2 Masters 2023 Winter (Regional)

VOD

Have the link to the VOD?

Description

Time

  • Played on: Oct. 29, 2023, 8:11 a.m.
  • Length: 11:14

All games in this series

Show
View Real Time Build Order
Export as new Build Order

Oriana Terran 

Build Orders: Cyclone Opening, Gas First Reaper Expand 

Get SALT Encoding   

  12  0:00  SCV  
  13  0:12  SCV  
  14  0:17  Supply Depot  
  14  0:23  Refinery  
  14  0:27  SCV  
  15  0:39  SCV  
  16  0:44  Barracks  
  16  0:51  SCV  
  17  1:03  SCV  
  18  1:16  SCV  
  19  1:31  Orbital Command  
  19  1:32  Reaper  
  20  1:43  Command Center  
  20  1:55  Factory  
  20  1:58  SCV  
  21  2:04  Barracks Reactor  
  21  2:10  SCV  
  21  2:13  Supply Depot  
  21  2:14  Refinery  
  22  2:22  SCV  
  23  2:35  SCV  
  24  2:47  SCV  
  24  2:49  Cyclone x2  
  24  2:50  Barracks Tech Lab  
  29  2:55  Orbital Command  
  29  2:59  SCV  
  30  3:11  SCV  
  31  3:20  SCV  
  31  3:21  Cyclone  
  31  3:22  Cyclone  
  31  3:25  Barracks  
  31  3:26  Stimpack, Marine  
  37  3:28  SCV  
  38  3:34  SCV, Supply Depot  
  38  3:40  SCV  
  40  3:46  SCV  
  40  3:48  Marine  
  42  3:52  SCV  
  43  3:56  Hellion x2  
  43  4:00  SCV  
  48  4:02  Supply Depot  
  48  4:05  SCV  
  48  4:07  Marine  
  50  4:12  SCV  
  50  4:17  SCV  
  52  4:24  Marine x2, Starport  
  52  4:25  SCV  
  52  4:27  Marine  
  52  4:28  Factory Reactor, Supply Depot  
  56  4:31  Refinery  
  56  4:32  Engineering Bay  
  56  4:38  Bunker  
  56  4:40  SCV x2  
  56  4:42  Marine x2  
  56  4:45  Marine  
  60  4:58  SCV x2  
  60  4:59  Terran Infantry Weapons Level 1, Marine x2  
  52  5:03  Marine  
  49  5:16  SCV x2  
  49  5:17  Marine  
  49  5:18  Marine  
  49  5:20  Marine  
  51  5:25  Medivac x2  
  51  5:28  SCV x2  
  49  5:35  Marine x2  
  49  5:38  Marine  
  49  5:42  SCV x2  
  39  5:53  Marine x2  
  39  5:54  SCV x2  
  39  5:56  Marine  
  40  6:06  SCV x2  
  40  6:11  Marine x2  
  43  6:18  SCV x2  
  43  6:23  Barracks Tech Lab  
  43  6:25  Factory Tech Lab  
  44  6:29  Marine  
  44  6:30  Barracks, Marine, SCV  
  44  6:31  SCV  
  48  6:33  Command Center  
  48  6:40  Starport Reactor  
  48  6:41  Combat Shield  
  48  6:42  Marine, Supply Depot, SCV  
  48  6:44  Siege Tank  
  48  6:45  SCV  
  48  6:46  Marine  
  54  6:53  Marine  
  56  6:57  SCV  
  56  6:58  SCV  
  58  7:01  Marine  
  58  7:06  Terran Infantry Armor Level 1  
  58  7:07  Marine  
  60  7:09  SCV  
  60  7:10  SCV  
  60  7:11  Marine  
  62  7:22  Marine x3  
  65  7:23  SCV x2  
  65  7:25  Marine  
  68  7:33  Marine  
  68  7:35  SCV  
  68  7:36  Supply Depot  
  70  7:38  Siege Tank, SCV  
  70  7:40  Marine  
  70  7:42  Marine x2  
  70  7:43  Marine  
  78  7:45  Medivac x2  
  78  7:46  Orbital Command  
  78  7:47  SCV  
  83  7:52  Marine  
  83  7:55  SCV  
  83  7:57  Marine  
  86  8:04  SCV, Refinery  
  87  8:07  SCV, Marine x3  
  87  8:10  Barracks x2  
  91  8:17  Armory  
  91  8:18  Engineering Bay  
  91  8:20  Marine, Supply Depot  
  91  8:24  Marine x2  
  91  8:25  Orbital Command  
  94  8:28  Siege Tank, Marine  
  94  8:33  SCV  
  94  8:34  SCV  
  96  8:38  Marine  
  97  8:43  Marine  
  97  8:44  Marine  
  97  8:46  SCV x2  
  101  8:51  SCV  
  101  8:53  Marine  
  103  8:55  Medivac  
  103  8:56  Medivac  
  103  8:57  Marine  
  103  8:58  Barracks Reactor x2, SCV  
  103  9:01  Supply Depot  
  109  9:09  Marine  
  109  9:10  SCV x2, Marine x2  
  109  9:13  Supply Depot, SCV  
  105  9:22  SCV x2  
  103  9:24  Marine  
  103  9:25  SCV, Marine  
  103  9:27  Supply Depot  
  106  9:33  Siege Tank  
  106  9:37  SCV x3  
  112  9:39  Marine x3  
  112  9:40  Marine  
  112  9:42  Marine x2  
  112  9:43  Marine  
  112  9:45  Marine x2  
  121  9:52  Medivac  
  121  9:53  Medivac  
  121  9:56  Marine x2  
  121  9:57  Marine x2  
  129  10:00  Supply Depot  
  129  10:04  Factory, Marine x2  
  131  10:13  Marine x3  
  116  10:14  Marine x3  
  116  10:15  Marine  
  98  10:22  Marine x2  
  84  10:31  Marine x2  
  84  10:33  Marine x2  
  82  10:36  Marine  
  82  10:40  Marine  
  84  10:48  Barracks  
  84  10:49  Marine  
  79  10:50  Marine  
  79  10:51  Barracks  
Show
View Real Time Build Order
Export as new Build Order

GogojOey Zerg - Winner!

Build Orders: Hatch First 

Get SALT Encoding   

  12  0:00  Drone  
  13  0:12  Overlord  
  13  0:17  Drone  
  14  0:30  Drone x2  
  16  0:47  Hatchery  
  15  0:51  Drone  
  15  0:55  Drone  
  17  0:58  Drone  
  18  1:09  Extractor  
  17  1:13  Spawning Pool  
  17  1:16  Drone  
  17  1:20  Drone  
  18  1:28  Drone  
  19  1:38  Drone  
  20  1:49  Drone  
  21  2:00  Queen x2  
  21  2:01  Zergling x4  
  27  2:11  Overlord  
  27  2:19  Hatchery  
  27  2:21  Drone  
  27  2:27  Drone  
  28  2:30  Drone  
  28  2:36  Drone  
  29  2:40  Queen  
  29  2:42  Drone  
  31  2:44  Overlord  
  31  2:48  Drone  
  32  2:53  Drone  
  32  2:54  Drone  
  32  2:57  Metabolic Boost  
  34  3:04  Drone  
  35  3:06  Queen  
  35  3:12  Drone x3  
  40  3:16  Drone x2  
  40  3:19  Drone  
  43  3:24  Roach Warren  
  42  3:28  Drone  
  42  3:31  Drone  
  42  3:33  Drone  
  45  3:37  Drone, Extractor  
  45  3:43  Overlord x2  
  45  3:50  Overlord x3  
  45  3:54  Overlord  
  42  4:05  Roach  
  42  4:06  Roach x4  
  42  4:07  Zergling x2  
  53  4:10  Zergling x2  
  53  4:15  Zergling x2  
  55  4:18  Zergling x4  
  55  4:23  Zergling x10  
  62  4:25  Zergling x2  
  62  4:29  Ravager  
  62  4:30  Ravager  
  65  4:36  Zergling x10  
  70  4:38  Zergling x2  
  69  4:46  Ravager  
  69  4:49  Overlord x2  
  64  4:57  Zergling x14  
  69  5:02  Zergling x2  
  69  5:03  Zergling x4  
  68  5:12  Zergling x10  
  72  5:21  Zergling x6  
  74  5:28  Zergling x6  
  63  5:43  Zergling x14  
  63  5:47  Zergling x6  
  68  5:54  Drone x3  
  68  5:56  Drone, Lair  
  68  6:01  Drone  
  68  6:02  Drone x5  
  71  6:05  Drone  
  71  6:06  Drone  
  67  6:14  Drone x3  
  67  6:16  Drone x2  
  67  6:18  Drone  
  69  6:23  Roach x2  
  73  6:26  Roach  
  73  6:29  Roach x2  
  73  6:31  Zergling x4  
  81  6:36  Zergling x8  
  85  6:41  Overlord  
  85  6:43  Drone x2  
  86  6:48  Drone  
  86  6:49  Drone x2  
  86  6:54  Ravager  
  90  6:55  Glial Reconstitution  
  90  7:00  Overlord  
  90  7:01  Roach x5  
  90  7:06  Extractor  
  90  7:07  Overlord  
  90  7:08  Drone  
  100  7:13  Roach  
  100  7:14  Drone x3  
  100  7:15  Drone  
  105  7:22  Drone  
  105  7:24  Evolution Chamber  
  105  7:25  Evolution Chamber  
  105  7:26  Drone x2  
  105  7:28  Drone x3  
  105  7:29  Overseer  
  108  7:32  Hatchery  
  108  7:33  Overlord  
  108  7:34  Drone x3  
  108  7:36  Extractor  
  109  7:38  Roach x2  
  109  7:40  Overseer  
  109  7:41  Queen  
  109  7:42  Queen  
  117  7:44  Extractor  
  117  7:48  Overlord  
  117  7:50  Drone x2  
  118  7:52  Roach x3  
  118  7:56  Zerg Missile Weapons Level 1, Zerg Ground Armor Level 1  
  124  7:58  Roach  
  124  7:59  Extractor  
  123  8:16  Overlord  
  123  8:22  Roach x3  
  123  8:23  Overlord x4  
  123  8:24  Overlord  
  127  8:38  Overlord  
  127  8:40  Overlord x3  
  127  8:41  Spore Crawler, Overlord  
  127  8:42  Spore Crawler, Tunneling Claws  
  127  8:43  Burrow  
  125  8:50  Roach x7  
  125  8:52  Drone x2  
  141  8:56  Roach x2  
  141  8:57  Roach  
  147  9:03  Drone x4  
  147  9:07  Roach x2  
  151  9:13  Roach x2  
  150  9:18  Roach  
  150  9:19  Roach x3  
  150  9:20  Ravager x2  
  154  9:25  Roach x3  
  154  9:28  Roach x2  
  164  9:37  Overseer  
  164  9:43  Roach x8  
  164  9:45  Ravager x2  
  179  9:46  Ravager x3  
  179  9:51  Roach x4  
  191  9:56  Roach x4  
  180  10:17  Roach x10  
  182  10:22  Roach  
  182  10:23  Roach x2  
  182  10:25  Queen  
  174  10:33  Roach x8  
  190  10:40  Zergling x4  
  192  10:43  Roach x5  
  192  10:44  Roach x2  
  188  10:53  Zergling x8, Roach  
  188  10:54  Zergling x6  
Tags
 
Add a new tag
Caveats
  • Supply blocks, unpowered buildings, or Contaminate may cause inaccurate times.
  • Supply counts are checked every 10 seconds.